3AAA
WILMINGTON BAY HAWKS @ SANTA BARBARA GOLDEN CRANES
09/01/2022
 
TOP OF THE 1ST
Wilmington Bay Hawks batting - Pitching for Santa Barbara Golden Cranes : RHP Chance Wiley
Pitching: RHP Chance Wiley
Batting: LHB Steve Grimes 0-0: Ball
1-0: Ball
2-0: Foul Ball, location: 2F
2-1: Fly out, F8 (Flyball, 8RM)
Batting: SHB José Martínez 0-0: Foul Ball, location: 2F
0-1: Foul Ball, location: 2F
0-2: Strikes out swinging
Batting: RHB Jim Unknown 0-0: Fly out, F2 (Popup, 2RF)
Top of the 1st over - 0 run(s), 0 hit(s), 0 error(s), 0 left on base; Wilmington 0 - Santa Barbara 0
BOTTOM OF THE 1ST
Santa Barbara Golden Cranes batting - Pitching for Wilmington Bay Hawks : RHP Jim Unknown
Pitching: RHP Jim Unknown
Batting: RHB Kyle Dempsey 0-0: Ball
1-0: Ground out 6-3 (Groundball, 6)
Batting: SHB Shojiro Kimura 0-0: Foul Ball, location: 2F
0-1: Ball
1-1: Swinging Strike
1-2: Ball
2-2: Ball
3-2: Ground out U3 (Groundball, 3S)
Batting: LHB Sinclair van Kooten 0-0: Swinging Strike
0-1: Called Strike
0-2: Foul Ball, location: 2F
0-2: Ball
1-2: Foul Ball, location: 2F
1-2: Ball
2-2: Foul Ball, location: 2F
2-2: DOUBLE (Line Drive, 9LM)
Batting: LHB Takahiro Harada 0-0: Ball
1-0: Called Strike
1-1: 2-RUN HOME RUN (Flyball, 8RXD), Distance : 437 ft
Batting: LHB Chris McKinney 0-0: Foul Ball, location: 2F
0-1: Ball
1-1: Called Strike
1-2: Fly out, F7 (Flyball, 7D)
Bottom of the 1st over - 2 run(s), 2 hit(s), 0 error(s), 0 left on base; Wilmington 0 - Santa Barbara 2
TOP OF THE 2ND
Wilmington Bay Hawks batting - Pitching for Santa Barbara Golden Cranes : RHP Chance Wiley
Batting: LHB Phil Parkinson 0-0: Ball
1-0: Ball
2-0: Fly out, F3 (Popup, 3SF)
Batting: RHB Phil Terry 0-0: Ball
1-0: Called Strike
1-1: Swinging Strike
1-2: Ball
2-2: Ball
3-2: Strikes out swinging
Batting: LHB Jim Unknown 0-0: Ball
1-0: Ball
2-0: Ball
3-0: Called Strike
3-1: Ground out 3-1 (Groundball, 34)
Top of the 2nd over - 0 run(s), 0 hit(s), 0 error(s), 0 left on base; Wilmington 0 - Santa Barbara 2
BOTTOM OF THE 2ND
Santa Barbara Golden Cranes batting - Pitching for Wilmington Bay Hawks : RHP Jim Unknown
Batting: SHB Stephen Baldwin 0-0: Ball
1-0: Ground out 4-3 (Groundball, 4M)
Batting: RHB Ángel López 0-0: Called Strike
0-1: Ball
1-1: Ball
2-1: Foul Ball, location: 2F
2-2: Foul Ball, location: 2F
2-2: Strikes out looking
Batting: RHB José Mata 0-0: Foul Ball, location: 2F
0-1: Ball
1-1: Ball
2-1: Called Strike
2-2: Strikes out looking
Bottom of the 2nd over - 0 run(s), 0 hit(s), 0 error(s), 0 left on base; Wilmington 0 - Santa Barbara 2
TOP OF THE 3RD
Wilmington Bay Hawks batting - Pitching for Santa Barbara Golden Cranes : RHP Chance Wiley
Batting: RHB Manny Freitas 0-0: Ball
1-0: Called Strike
1-1: Called Strike
1-2: Strikes out looking
Batting: RHB Bob McNeil 0-0: Called Strike
0-1: Ball
1-1: Foul Ball, location: 2F
1-2: Ball
2-2: SINGLE (Line Drive, 56D)
Batting: RHB Jim Unknown 0-0: Ball
1-0: Called Strike
1-1: Foul Ball, location: 2F
1-2: Fly out, F7 (Popup, 6D)
Batting: LHB Steve Grimes 0-0: Called Strike
0-1: Ball
1-1: Ball
2-1: Ball
3-1: Base on Balls
Bob McNeil to second
Batting: SHB José Martínez 0-0: Foul Ball, location: 2F
0-1: Ball
1-1: Ball
2-1: Ball
3-1: Foul Ball, location: 2F
3-2: Fly out, F7 (Flyball, 78XD)
Top of the 3rd over - 0 run(s), 1 hit(s), 0 error(s), 2 left on base; Wilmington 0 - Santa Barbara 2
BOTTOM OF THE 3RD
Santa Barbara Golden Cranes batting - Pitching for Wilmington Bay Hawks : RHP Jim Unknown
Batting: LHB Alfonso López 0-0: Ball
1-0: Called Strike
1-1: Ball
2-1: Called Strike
2-2: Ball
3-2: Base on Balls
Batting: RHB Kyle Dempsey 0-0: Ball
Wild Pitch!
Alfonso López to second
1-0: Swinging Strike
1-1: Ball
2-1: Hit by Pitch
Batting: SHB Shojiro Kimura 0-0: Called Strike
0-1: Foul Ball, location: 2F
0-2: Ball
1-2: Ball
2-2: Strikes out swinging
Batting: LHB Sinclair van Kooten 0-0: Called Strike
0-1: Ball
1-1: SINGLE (Groundball, 6MD) (infield hit)
Alfonso López to third
Kyle Dempsey to second
Batting: LHB Takahiro Harada 0-0: Ball
1-0: Ball
2-0: Swinging Strike
2-1: Foul Ball, location: 2F
2-2: Grounds into fielders choice 1-2 (Groundball, 2R)
Kyle Dempsey to third
Sinclair van Kooten to second
Batting: LHB Chris McKinney 0-0: SINGLE (Line Drive, 34)
Kyle Dempsey scores
Sinclair van Kooten to third
Takahiro Harada to second
Runner from 3rd tries for Home, SAFE, no throw or cutoff
Batting: SHB Stephen Baldwin 0-0: Ball
1-0: Swinging Strike
1-1: Ball
2-1: Foul Ball, location: 2F
2-2: Foul Ball, location: 2F
2-2: Ball
3-2: Foul Ball, location: 2F
3-2: Strikes out swinging
Bottom of the 3rd over - 2 run(s), 2 hit(s), 0 error(s), 2 left on base; Wilmington 0 - Santa Barbara 4
TOP OF THE 4TH
Wilmington Bay Hawks batting - Pitching for Santa Barbara Golden Cranes : RHP Chance Wiley
Batting: RHB Jim Unknown 0-0: Called Strike
0-1: Ground out 1-3 (Groundball, 13S)
Batting: LHB Phil Parkinson 0-0: Ball
1-0: Fly out, F9 (Line Drive, 89M)
Batting: RHB Phil Terry 0-0: Called Strike
0-1: Ball
1-1: Ball
2-1: Foul Ball, location: 2F
2-2: Ground out 5-3 (Groundball, 5L)
Top of the 4th over - 0 run(s), 0 hit(s), 0 error(s), 0 left on base; Wilmington 0 - Santa Barbara 4
BOTTOM OF THE 4TH
Santa Barbara Golden Cranes batting - Pitching for Wilmington Bay Hawks : RHP Jim Unknown
Batting: RHB Ángel López 0-0: Called Strike
0-1: Swinging Strike
0-2: Foul Ball, location: 2F
0-2: Strikes out swinging
Batting: RHB José Mata 0-0: Ball
1-0: Called Strike
1-1: Swinging Strike
1-2: Strikes out swinging
Batting: LHB Alfonso López 0-0: Ground out 4-3 (Groundball, 4)
Bottom of the 4th over - 0 run(s), 0 hit(s), 0 error(s), 0 left on base; Wilmington 0 - Santa Barbara 4
TOP OF THE 5TH
Wilmington Bay Hawks batting - Pitching for Santa Barbara Golden Cranes : RHP Chance Wiley
Batting: LHB Jim Unknown 0-0: Ball
1-0: Foul Ball, location: 2F
1-1: Foul Ball, location: 2F
1-2: Foul Ball, location: 2F
1-2: Ball
2-2: SOLO HOME RUN (Flyball, 89XD), Distance : 397 ft
Batting: RHB Manny Freitas 0-0: Ball
1-0: Foul Ball, location: 2F
1-1: Fly out, F9 (Flyball, 9S)
Batting: RHB Bob McNeil 0-0: Ball
1-0: Called Strike
1-1: Ball
2-1: Swinging Strike
2-2: Strikes out looking
Batting: RHB Jim Unknown 0-0: Ball
1-0: Called Strike
1-1: Fly out, F7 (Flyball, 7M)
Top of the 5th over - 1 run(s), 1 hit(s), 0 error(s), 0 left on base; Wilmington 1 - Santa Barbara 4
BOTTOM OF THE 5TH
Santa Barbara Golden Cranes batting - Pitching for Wilmington Bay Hawks : RHP Jim Unknown
Batting: RHB Kyle Dempsey 0-0: Swinging Strike
0-1: Ball
1-1: Ground out 5-3 (Groundball, 56)
Batting: SHB Shojiro Kimura 0-0: Ball
1-0: Ball
2-0: Called Strike
2-1: Fly out, F9 (Flyball, 89M)
Batting: LHB Sinclair van Kooten 0-0: Called Strike
0-1: Ball
1-1: Foul Ball, location: 2F
1-2: Ball
2-2: Ball
3-2: SINGLE (Groundball, 5D)
Batting: LHB Takahiro Harada 0-0: Ball
1-0: Foul Ball, location: 2F
1-1: Foul Ball, location: 2F
1-2: Ball
2-2: Ball
Sinclair van Kooten steals 2nd base
3-2: Foul Ball, location: 2F
3-2: Fly out, F8 (Flyball, 8RM)
Bottom of the 5th over - 0 run(s), 1 hit(s), 0 error(s), 1 left on base; Wilmington 1 - Santa Barbara 4
TOP OF THE 6TH
Wilmington Bay Hawks batting - Pitching for Santa Barbara Golden Cranes : RHP Chance Wiley
Batting: LHB Steve Grimes 0-0: Foul Ball, location: 2F
0-1: Swinging Strike
0-2: Ball
1-2: Strikes out looking
Batting: SHB José Martínez 0-0: Foul Ball, location: 2F
0-1: Ball
1-1: Foul Ball, location: 2F
1-2: Ball
2-2: Ball
3-2: Foul Ball, location: 2F
3-2: Foul Ball, location: 2F
3-2: Ground out 6-3 (Groundball, 6)
Batting: RHB Jim Unknown 0-0: Reached on error, E6 (Groundball, 6)
Batting: LHB Phil Parkinson 0-0: Called Strike
0-1: Fly out, F7 (Flyball, 7LM)
Top of the 6th over - 0 run(s), 0 hit(s), 1 error(s), 1 left on base; Wilmington 1 - Santa Barbara 4
BOTTOM OF THE 6TH
Santa Barbara Golden Cranes batting - Pitching for Wilmington Bay Hawks : RHP Jim Unknown
Batting: LHB Chris McKinney 0-0: Ball
1-0: Called Strike
1-1: Swinging Strike
1-2: Foul Ball, location: 2F
1-2: Ball
2-2: Ball
3-2: Ground out 4-3 (Groundball, 4S)
Batting: SHB Stephen Baldwin 0-0: Foul Ball, location: 2F
0-1: Called Strike
0-2: Ball
1-2: Ball
2-2: Strikes out swinging
Batting: RHB Ángel López 0-0: Called Strike
0-1: Ball
1-1: Ball
2-1: Fly out, F7 (Flyball, 78D)
Bottom of the 6th over - 0 run(s), 0 hit(s), 0 error(s), 0 left on base; Wilmington 1 - Santa Barbara 4
TOP OF THE 7TH
Wilmington Bay Hawks batting - Pitching for Santa Barbara Golden Cranes : RHP Chance Wiley
Batting: RHB Phil Terry 0-0: Ball
1-0: Ground out 6-3 (Groundball, 6)
Batting: LHB Jim Unknown 0-0: Foul Ball, location: 2F
0-1: Ball
1-1: Foul Ball, location: 2F
1-2: Strikes out swinging
Batting: RHB Manny Freitas 0-0: Ball
1-0: Ball
2-0: Called Strike
2-1: Swinging Strike
2-2: Strikes out swinging
Top of the 7th over - 0 run(s), 0 hit(s), 0 error(s), 0 left on base; Wilmington 1 - Santa Barbara 4
BOTTOM OF THE 7TH
Santa Barbara Golden Cranes batting - Pitching for Wilmington Bay Hawks : RHP Jim Unknown
Batting: RHB José Mata 0-0: Foul Ball, location: 2F
0-1: Ball
1-1: Ground out 4-3 (Groundball, 4)
Batting: LHB Alfonso López 0-0: SINGLE (Line Drive, 8RS)
Pitching: RHP Jim Unknown
Batting: RHB Kyle Dempsey 0-0: Swinging Strike
0-1: Ball
1-1: Ball
2-1: Swinging Strike
2-2: Foul Ball, location: 2F
2-2: Strikes out looking
Batting: SHB Shojiro Kimura 0-0: Ball
Alfonso López is caught stealing 2nd base
Bottom of the 7th over - 0 run(s), 1 hit(s), 0 error(s), 0 left on base; Wilmington 1 - Santa Barbara 4
TOP OF THE 8TH
Wilmington Bay Hawks batting - Pitching for Santa Barbara Golden Cranes : RHP Chance Wiley
Batting: RHB Bob McNeil 0-0: Called Strike
0-1: Ball
1-1: Ball
2-1: Ground out 4-3 (Groundball, 4)
Batting: RHB Jim Unknown 0-0: Swinging Strike
0-1: Swinging Strike
0-2: Strikes out looking
Batting: LHB Steve Grimes 0-0: Ball
1-0: Ball
2-0: Ball
3-0: Base on Balls
Pitching: RHP Xavier Andrade
Batting: SHB José Martínez 0-0: Foul Ball, location: 2F
0-1: Called Strike
0-2: Ball
1-2: Fly out, F4 (Popup, 34)
Top of the 8th over - 0 run(s), 0 hit(s), 0 error(s), 1 left on base; Wilmington 1 - Santa Barbara 4
BOTTOM OF THE 8TH
Santa Barbara Golden Cranes batting - Pitching for Wilmington Bay Hawks : RHP Jim Unknown
Batting: SHB Shojiro Kimura 0-0: Foul Ball, location: 2F
0-1: Called Strike
0-2: Foul Ball, location: 2F
0-2: Strikes out swinging
Batting: LHB Sinclair van Kooten 0-0: Ball
1-0: SINGLE (Line Drive, 9LS)
Batting: LHB Takahiro Harada 0-0: Ball
1-0: Called Strike
Sinclair van Kooten steals 2nd base
1-1: Called Strike
1-2: Strikes out looking
Batting: LHB Chris McKinney 0-0: Ground out 4-3 (Groundball, 4M)
Bottom of the 8th over - 0 run(s), 1 hit(s), 0 error(s), 1 left on base; Wilmington 1 - Santa Barbara 4
TOP OF THE 9TH
Wilmington Bay Hawks batting - Pitching for Santa Barbara Golden Cranes : RHP Xavier Andrade
Pitching: LHP Jesús Tejeda
Batting: RHB Jim Unknown 0-0: Foul Ball, location: 2F
0-1: Ball
1-1: Ball
2-1: Foul Ball, location: 2F
2-2: Strikes out looking
Batting: LHB Phil Parkinson 0-0: Ground out 5-3 (Groundball, 56)
Batting: RHB Phil Terry 0-0: SINGLE (Groundball, 6S)
Batting: LHB Jim Unknown 0-0: Foul Ball, location: 2F
0-1: Ball
1-1: Ball
2-1: Fly out, F5 (Popup, 56S)
Top of the 9th over - 0 run(s), 1 hit(s), 0 error(s), 1 left on base; Wilmington 1 - Santa Barbara 4
This league is powered by Out of the Park Baseball, the baseball management simulation game for PC, Mac and Linux
Friday, April 15th, 2016 - OOTP Baseball 16.9 Build 39